 Dungeon Crawl Stone Soup version 0.24-a0-203-gf0bc1e9 (webtiles) character file.

Game seed: 729785160968265774

163 Ijustatesigmund the Ducker (level 5, -14/37 HPs)
             Began as an Octopode Fighter on Mar 26, 2019.
             Demolished by a crocodile (19 damage)
             ... on level 4 of the Dungeon.
             The game lasted 00:04:57 (2009 turns).

Ijustatesigmund the Ducker (Octopode Fighter)       Turns: 2009, Time: 00:04:59

Health: -14/37     AC:  1    Str: 15    XL:     5   Next: 44%
Magic:  5/5        EV: 12    Int: 10    God:
Gold:   208        SH:  0    Dex: 13    Spells: 4/4 levels left

rFire    . . .     SeeInvis +   a - +0 war axe
rCold    . . .     Gourm    .   b - +1 shield
rNeg     . . .     Faith    .   (helmet restricted)
rPois    .         Spirit   .   (no amulet)
rElec    .         Reflect  .   f - ring of see invisible
rCorr    .         Harm     .   (no ring)
MR       .....                  (no ring)
Stlth    ++........             (no ring)
HPRegen  0.12/turn              (no ring)
MPRegen  0.09/turn              (no ring)
                                (no ring)
                                (no ring)

@: confused
A: almost no armour, stealthy swim, amphibious, 8 rings, constrict 8, camouflage
1, gelatinous body 1
a: no special abilities


You were on level 4 of the Dungeon.
You were hungry.

You visited 1 branch of the dungeon, and saw 4 of its levels.

You collected 208 gold pieces.

Inventory:

Hand Weapons
 a - a +0 war axe (weapon)
Armour
 b - a +1 shield (worn)
Jewellery
 f - a ring of see invisible (left tentacle)
Wands
 k - a wand of paralysis (10)
Scrolls
 l - a scroll of identify
Potions
 c - a potion of might
 e - a potion of haste
 g - a potion of brilliance
Comestibles
 d - 4 rations


   Skills:
 + Level 3.7 Fighting
 * Level 3.7 Axes
 + Level 3.7 Dodging
 + Level 3.7 Shields


You had 4 spell levels left.
You didn't know any spells.
Your spell library was empty.

Dungeon Overview and Level Annotations

Branches:
Dungeon (4/15)
 Temple: D:4-7

Altars:
Ashenzari
Kikubaaqudgha
Makhleb
Okawaru
Qazlal
Ru
Wu Jian
Xom

Annotations:
D:4 Menkaure


Innate Abilities, Weirdness & Mutations

You cannot wear most types of armour.
You are very stealthy in the water. (Stealth+)
You are amphibious.
You can wear up to eight rings at the same time.
You can use your tentacles to constrict eight enemies at once.
Your skin changes colour to match your surroundings (Stealth+).
Your rubbery body absorbs attacks. (AC +1, EV +1)


Message History

* * * LOW HITPOINT WARNING * * *
The hound bites you.
* * * LOW HITPOINT WARNING * * *
You are confused.
You feel invigorated. The crocodile barely misses you. The hound bites you.
* * * LOW HITPOINT WARNING * * *
You bump into the rock wall.
The hound closely misses you. The crocodile bites you.
* * * LOW HITPOINT WARNING * * *
The hound closely misses you.
Menkaure calls on the powers of darkness!
The hound convulses!
The crocodile convulses!
You feel a surge of unholy energy.
You hit the hound but do no damage.
The hound is severely wounded.
You hit the crocodile. The hound bites you.
* * * LOW HITPOINT WARNING * * *
The crocodile bites you!!
Ouch! That really hurt!
You die...

*,*,,,,*,,,,,,,**,,,,,,* ***
*,*,*.,,,,,,,*.#*,*,**,****
,,*****,*,*#.*,*####.##,*,**,**,,
,,,,,,*,,,,,.#,##...,(.,..,.....#
,,***,***,,,,..#...#.##.#.*#.#..#
*****,,,,,,,**.#..$#.##.#.##.#..#
*,,,,,,,**,**,.M....#*..........
*,**,**,**,***#ht.#****#..#....#
*,**,,,,**,* #@..# #..#....#
**,**,,,,,,,* #...# #.......#
**,**,,,,,,.####...######........
**,**,**,,,.....$..........#.#..#
,,,**,,,,,,..................#...
*****,,**,.................#.#..#
* *,,,,,.###.#....#####.......# *
**,***** #.#....# #.......# * *,*
#.#....#* ####.####


You could see a crocodile, Menkaure and a hound.

Vanquished Creatures
  A hound (D:4)
  A centaur skeleton (D:4)
  2 adders
  2 dart slugs (D:3)
  3 worms
  2 leopard geckos (D:1)
  8 giant cockroaches
  4 goblins
  7 hobgoblins
  8 kobolds
  A quokka (D:2)
  2 ball pythons (D:3)
  15 bats
  9 frilled lizards
  A quokka skeleton (D:4)
  6 rats
72 creatures vanquished.

Notes
Turn   | Place    | Note
-------+----------+-------------------------------------------
     0 | D:1      | Ijustatesigmund the Octopode Fighter began the quest for
                  | the Orb.
     0 | D:1      | Reached XP level 1. HP: 16/16 MP: 1/1
   102 | D:1      | Reached XP level 2. HP: 21/21 MP: 2/2
   274 | D:1      | Reached XP level 3. HP: 19/26 MP: 3/3
   889 | D:2      | Found a shattered altar of Ashenzari.
   904 | D:2      | Reached XP level 4. HP: 30/31 MP: 4/4
   910 | D:2      | Found an ancient bone altar of Kikubaaqudgha.
   911 | D:2      | Found a stormy altar of Qazlal.
   911 | D:2      | Found an ornate altar of the Wu Jian Council.
   913 | D:2      | Found a shimmering altar of Xom.
   913 | D:2      | Found a burning altar of Makhleb.
   915 | D:2      | Found an iron altar of Okawaru.
  1255 | D:3      | Found a faded altar of an unknown god.
  1380 | D:3      | Found a sacrificial altar of Ru.
  1835 | D:4      | Reached XP level 5. HP: 13/37 MP: 5/5
  1999 | D:4      | Noticed a crocodile
  2001 | D:4      | Noticed Menkaure
  2009 | D:4      | Demolished by a crocodile

Levels and vault maps discovered:
D:1:      lightli_arrival_statue_moat, layout_loops_ring
D:2:      layout_rooms, grunt_temple_overflow_open,
          chequers_serial_rivers_small_b, feat_on_display
D:3:      layout_loops_ring, chequers_ecumenical_altar_island,
          chequers_hall_statues_wall_a, hangedman_ru_absence
D:4:      layout_loops_cross, bloody_trog, uniq_menkaure

Skill      XL: |  1  2  3 |
---------------+----------+-----
Axes           | 3 |  3.7
Fighting       | |  3.7
Dodging        | |  3.7
Shields        | |  3.7

Action                   |  1- 3 |  4- 6 || total
-------------------------+-------+-------++-------
Melee: War axe           |    71 |    71 ||   142
       Constrict         |    21 |    16 ||    37
       Tentacles         |    14 |    12 ||    26
  Use: Scroll            |     3 |     9 ||    12
       Potion            |       |     5 ||     5
 Stab: Sleeping          |    10 |     5 ||    15
  Eat: Chunk             |       |     3 ||     3
Armor: Skin              |     6 |     9 ||    15
Dodge: Dodged            |    37 |    39 ||    76
Block: Shield            |    31 |    45 ||    76

Table legend:
 A = Non-vault XP
 B = Vault XP
 C = Vault XP percentage of total XP
 D = Non-vault monster count
 E = Vault monster count
 F = Vault count percentage of total count
                 A         B        C        D         E       F
            +---------+---------+-------+---------+---------+-------
      Total |     234 |       0 |   0.0 |      72 |       0 |   0.0
            +---------+---------+-------+---------+---------+-------
        D:1 |      55 |       0 |   0.0 |      33 |       0 |   0.0
        D:2 |      40 |       0 |   0.0 |      16 |       0 |   0.0
        D:3 |      54 |       0 |   0.0 |      20 |       0 |   0.0
        D:4 |      85 |       0 |   0.0 |       3 |       0 |   0.0
            +---------+---------+-------+---------+---------+-------
